 Dungeon Sprint DCSS version 0.17-a0-802-g1f09329 (webtiles) character file.

1112 namelastname112 the Grappler (level 8, -29/88 HPs)
             Began as a Troll Monk on Apr 26, 2015.
             Was an Elder of Cheibriados.
             Annihilated by a white ugly thing (31 damage)
             ... in the Dungeon (Sprint IX: "|||||||||||||||||||||||||||||").
             The game lasted 00:01:29 (249 turns).

namelastname112 the Grappler (Troll Monk)            Turns: 249, Time: 00:01:29

Health: -29/88     AC:  8    Str: 30    XL:     8   Next: 11%
Magic:  7/7        EV: 17    Int: 15    God:    Cheibriados [****..]
Gold:   0          SH:  0    Dex: 25    Spells: 0 memorised, 7 levels left

rFire  . . .     SeeInvis .       - Unarmed
rCold  . . .     Clarity  .     a - +0 robe
rNeg   . . .     SustAb   .     (no shield)
rPois  .         Gourm    +     (helmet restricted)
rElec  .         Spirit   .     m - +0 cloak
rCorr  .         Warding  .     (gloves unavailable)
rMut   .         NoTele   +     (boots unavailable)
MR     .....                    (no amulet)
Stlth  ++........               o - +3 ring of dexterity
                                n - +2 ring of protection

@: very slow, not resistant to hostile enchantments, unstealthy
A: unfitting armour, claws 3, fast metabolism 3, gourmand, regeneration 2,
shaggy fur 1, tough skin 2
a: Bend Time, Temporal Distortion, Slouch, Renounce Religion


You were in the Dungeon.
You worshipped Cheibriados.
Cheibriados was greatly pleased with you.
You were not hungry.

You visited 1 branch

Inventory:

Armour
 a - a +0 robe (worn)
 m - a +0 cloak (worn)
Jewellery
 n - a +2 ring of protection (left claw)
 o - a +3 ring of dexterity (right claw)
Magical devices
 l - a wand of cold (7)
Scrolls
 h - 2 scrolls of blinking
 j - 3 scrolls of remove curse
 k - 2 scrolls of amnesia
Potions
 c - 5 potions of curing
 d - 3 potions of heal wounds
 e - a potion of haste
 f - 4 potions of magic
 g - a potion of berserk rage
 i - a potion of invisibility
Comestibles
 b - 2 bread rations


   Skills:
 + Level 8.0 Fighting
 + Level 7.3 Dodging
 - Level 2.3 Stealth
 + Level 12.9 Unarmed Combat


You had 7 spell levels left.
You didn't know any spells.

Dungeon Overview and Level Annotations

Branches:
Dungeon (1/1)

Altars:
Cheibriados
Dithmenos
Elyvilon
Fedhas
Gozag
Kikubaaqudgha
Makhleb
Nemelex Xobeh
Okawaru
Qazlal
Ru
Sif Muna
Trog
Vehumet
Xom
Yredelemnul
Zin
The Shining One
Beogh
Jiyva
Lugonu


Innate Abilities, Weirdness & Mutations

You are too large for most types of armour.
You have claws for hands.
Your metabolism is lightning-fast.
You like to eat raw meat.
You heal very quickly.
You are covered in fur (AC +1).
You have very tough skin (AC +2).


Message History

The white ugly thing tentacle-slaps you!
The white ugly thing freezes you!
You claw the white ugly thing!
The white ugly thing is heavily wounded.
The wight misses you.
The white ugly thing tentacle-slaps you!
The white ugly thing freezes you!
You scratch the white ugly thing.
The white ugly thing is heavily wounded.
The wight misses you.
The white ugly thing tentacle-slaps you.
The white ugly thing freezes you!!
* * * LOW HITPOINT WARNING * * *
Unknown command.
Use which ability? (? or * to list)
You fail to use your ability.
The white ugly thing tentacle-slaps you!
* * * LOW HITPOINT WARNING * * *
The white ugly thing freezes you!!
You die... ▓▓▓▓▓▓▓▓▓▓▓▓▓▓▓▓▓▓▓▓▓▓▓▓ ..|)[.[..)......@uzOyeY+ ▓▓▓▓▓▓▓▓▓▓▓▓▓▓▓▓▓▓▓▓▓▓▓▓

You could see a white ugly thing (bleeding), a yak, a deep elf mage, an ogre, a killer bee and a wight.

Vanquished Creatures
  A hill giant (D)
  A gargoyle (D)
  2 hungry ghosts (D)
  An orc warrior (D)
  An ogre (D)
  An adder (D)
  A giant cockroach (D)
  A goblin (D)
  2 hobgoblins (D)
  A jackal (D)
  A bat (D)
  2 kobolds (D)
  A rat (D)
16 creatures vanquished.

Notes
Turn   | Place    | Note
--------------------------------------------------------------
     0 | D        | namelastname112, the Troll Monk, began the quest for the Orb.
     0 | D        | Reached XP level 1. HP: 22/22 MP: 0/0
    19 | D        | Noticed an ogre
    26 | D        | Reached skill level 5 in Unarmed Combat
    28 | D        | Reached XP level 2. HP: 27/29 MP: 1/1
    34 | D        | Killed an ogre
    34 | D        | Reached skill level 7 in Unarmed Combat
    34 | D        | Reached XP level 3. HP: 13/39 MP: 2/2
    34 | D        | Reached XP level 4. HP: 16/48 MP: 3/3
    95 | D        | Found a glowing silver altar of Zin.
    95 | D        | Found a glowing golden altar of the Shining One.
    95 | D        | Found an ancient bone altar of Kikubaaqudgha.
    95 | D        | Found a basalt altar of Yredelemnul.
    95 | D        | Found a shimmering altar of Xom.
    95 | D        | Found a radiant altar of Vehumet.
    95 | D        | Found an iron altar of Okawaru.
    96 | D        | Found a burning altar of Makhleb.
    97 | D        | Found a deep blue altar of Sif Muna.
    98 | D        | Found a bloodstained altar of Trog.
    99 | D        | Found a sparkling altar of Nemelex Xobeh.
   100 | D        | Found a white marble altar of Elyvilon.
   101 | D        | Found a roughly hewn altar of Beogh.
   102 | D        | Found a viscous altar of Jiyva.
   103 | D        | Found a corrupted altar of Lugonu.
   104 | D        | Found a blossoming altar of Fedhas.
   105 | D        | Found a snail-covered altar of Cheibriados.
   106 | D        | Found a shadowy altar of Dithmenos.
   107 | D        | Found a stormy altar of Qazlal.
   108 | D        | Found an opulent altar of Gozag.
   109 | D        | Found a sacrificial altar of Ru.
   114 | D        | Became a worshipper of Cheibriados the Contemplative
   114 | D        | Acquired Cheibriados's first power
   143 | D        | Noticed a hungry ghost
   143 | D        | Noticed an orc warrior
   143 | D        | Noticed a gargoyle
   143 | D        | Noticed a hill giant
   143 | D        | Noticed a hungry ghost
   151 | D        | Killed a hungry ghost
   151 | D        | Reached skill level 5 in Fighting
   151 | D        | Reached skill level 5 in Dodging
   151 | D        | Reached skill level 9 in Unarmed Combat
   151 | D        | Reached XP level 5. HP: 54/57 MP: 4/4
   159 | D        | Killed an orc warrior
   159 | D        | Reached skill level 10 in Unarmed Combat
   159 | D        | Reached XP level 6. HP: 48/67 MP: 5/5
   167 | D        | Killed a gargoyle
   167 | D        | Reached skill level 11 in Unarmed Combat
   167 | D        | Reached XP level 7. HP: 44/76 MP: 6/6
   174 | D        | Killed a hill giant
   174 | D        | Acquired Cheibriados's second power
   174 | D        | Reached skill level 12 in Unarmed Combat
   184 | D        | Killed a hungry ghost
   184 | D        | Acquired Cheibriados's third power
   184 | D        | Reached XP level 8. HP: 41/88 MP: 7/7
   243 | D        | Noticed a wight
   243 | D        | Noticed a white ugly thing
   243 | D        | Noticed an ogre
   243 | D        | Noticed a killer bee
   243 | D        | Noticed a deep elf mage
   243 | D        | Noticed a yak
   249 | D        | HP: 2/88 [white ugly thing (8)]
   249 | D        | Annihilated by a white ugly thing

Action                   |  1- 3 |  4- 6 |  7- 9 || total
-------------------------+-------+-------+-------++-------
Melee: Unarmed           |    21 |    24 |    20 ||    65
 Stab: Sleeping          |     1 |       |       ||     1
